 Dungeon Crawl Stone Soup version 0.24.0-123-gd5b16e6ec5 (webtiles) character file.

Game seed: 8995052172405508242, levelgen mode: deterministic

86 Ponchio the Digger (level 4, 0/24 HPs)
             Began as a Deep Elf Earth Elementalist on Jan 16, 2020.
             Killed from afar by a white imp (9 damage)
             ... with a puff of frost
             ... summoned by Natasha
             ... on level 3 of the Dungeon.
             The game lasted 00:06:47 (1939 turns).

Ponchio the Digger (Deep Elf Earth Elementalist)    Turns: 1939, Time: 00:06:48

Health: 0/24       AC:  4    Str:  5    XL:     4   Next: 27%
Magic:  11/12      EV: 13    Int: 21    God:
Gold:   170        SH:  0    Dex: 15    Spells: 10/11 levels left

rFire    . . .     SeeInvis .   k - +1 dagger (venom)
rCold    . . .     Gourm    .   (no shield)
rNeg     . . .     Faith    .   c - +0 robe
rPois    .         Spirit   .   (no helmet)
rElec    .         Reflect  .   j - +1 cloak
rCorr    .         Harm     .   (no gloves)
MR       .....                  (no boots)
Stlth    ++........             (no amulet)
HPRegen  0.08/turn              (no ring)
MPRegen  0.13/turn              (no ring)

@: no status effects
A: no striking features
a: no special abilities


You were on level 3 of the Dungeon.
You were not hungry.

You visited 1 branch of the dungeon, and saw 3 of its levels.

You collected 170 gold pieces.

Inventory:

Hand Weapons
 k - a +1 dagger of venom (weapon)
Missiles
 b - 71 stones (quivered)
Armour
 c - a +0 robe (worn)
 j - a +1 cloak (worn)
Scrolls
 a - 4 scrolls of remove curse
 e - a scroll of teleportation
 g - a scroll of identify
 m - 2 scrolls of enchant armour
Potions
 f - a potion of brilliance
 h - 2 potions of heal wounds
 i - 2 potions of curing
 l - a potion of degeneration {unknown}
 o - a potion of lignification {unknown}
Comestibles
 d - 7 rations


   Skills:
 - Level 2.5 Dodging
 - Level 2.4 Stealth
 + Level 4.2 Spellcasting
   Level 1.1 Transmutations
 * Level 5.0 Earth Magic


You had 10 spell levels left.
You knew the following spells:

 Your Spells              Type           Power        Failure   Level  Hunger
a - Sandblast             Erth           ####..       1%          1    None

Your spell library contained the following spells:

 Spells                   Type           Power        Failure   Level  Hunger
 Passwall                 Tmut/Erth      ###.....     4%          2    #......
 Stone Arrow              Conj/Erth      ###...       12%         3    ###....
 Petrify                  Tmut/Erth      ###.....     32%         4    ####...
 Lee's Rapid Deconstruct  Erth           ####......   38%         5    ######.


Dungeon Overview and Level Annotations

Branches:
Dungeon (3/15)

Altars:

Annotations:
D:3 Natasha


Message History

Natasha mumbles some strange words.
An adder comes into view.
Natasha barely misses you.
Found 13 gold pieces.
You miss Natasha. The white imp gestures at you. The puff of frost hits you.
Natasha casts a spell at you. The magic dart hits you!
Casting: Sandblast (safe; 1% risk of failure)
Confirm with . or Enter, or press ? or * to list all spells.
Aiming: Sandblast (safe; 1% risk of failure)
Press: ? - help, Shift-Dir - straight line, f - Natasha
Aim: Natasha The blast of sand hits Natasha!
Natasha is severely wounded.
b - 71 stones The white imp gestures at you.
The puff of frost hits you!
You die...

#....รท# ###
..#####.....###########..
[.....'...............(..
..#####.....###########..
####.## #.. #.# #..
########.# #.. #........#
#######.. #.....@..#
#........ #....h...#
#........ #........#
#........ S......5..#
#.....[.. #.........#
#######.# #.........# #.#
##.######.# #.# #. .# #..


You could see Natasha, an adder (sleeping) and a white imp.

Vanquished Creatures
  4 adders (D:2)
  2 dart slugs
  2 leopard geckos (D:1)
  5 bats
  3 giant cockroaches
  2 goblins
  6 hobgoblins
  3 jackals (D:2)
  8 kobolds
  2 quokkas (D:2)
  A ball python (D:1)
  2 frilled lizards
  5 rats
45 creatures vanquished.

Notes
Turn   | Place    | Note
-------+----------+-------------------------------------------
     0 | D:1      | Ponchio the Deep Elf Earth Elementalist began the quest for
                  | the Orb.
     0 | D:1      | Reached XP level 1. HP: 10/10 MP: 6/6
   182 | D:1      | Reached XP level 2. HP: 15/15 MP: 4/8
   552 | D:1      | Reached skill level 4 in Earth Magic
   677 | D:2      | Reached XP level 3. HP: 19/19 MP: 8/10
  1419 | D:2      | Reached XP level 4. HP: 24/24 MP: 12/12
  1770 | D:3      | Reached skill level 5 in Earth Magic
  1934 | D:3      | Noticed Natasha
  1939 | D:3      | Killed from afar by a white imp

Levels and vault maps discovered:
D:1:      minmay_arrival_split_and_join, layout_basic
D:2:      layout_basic, minmay_misc_feat_chi
D:3:      layout_basic, grunt_dithmenos_smoke_and_mirrors, marbit_many_paths,
          uniq_natasha

Skill      XL: |  1  2  3  4 |
---------------+-------------+-----
Earth Magic    | 4 5 |  5.0
Spellcasting   | 4 |  4.2
Dodging        | |  2.5
Stealth        | |  2.4
Transmutations | |  1.1

Action                   |  1- 3 |  4- 6 || total
-------------------------+-------+-------++-------
Melee: Dagger            |    29 |    31 ||    60
 Cast: Sandblast         |    30 |     1 ||    31
  Use: Scroll            |       |     9 ||     9
 Stab: Sleeping          |     7 |       ||     7
       Distracted        |     1 |       ||     1
  Eat: Chunk             |     1 |     2 ||     3
Armor: Robe              |     4 |     4 ||     8
Dodge: Dodged            |    22 |    16 ||    38
